 Dungeon Crawl Stone Soup version 0.24-a0-463-g3510def36b (webtiles) character file.

Game seed: 8974368990989927240

473 vurker the Caller (level 7, -10/50 HPs)
             Began as a Gnoll Summoner on July 2, 2019.
             Was a Follower of Cheibriados.
             Mangled by an orc warrior
             ... wielding a +0 halberd
              (13 damage)
             ... on level 6 of the Dungeon.
             The game lasted 00:10:57 (5700 turns).

vurker the Caller (Gnoll Summoner)                  Turns: 5700, Time: 00:10:58

Health: -10/50     AC:  8    Str: 12    XL:     7   Next: 10%
Magic:  5/15       EV: 15    Int: 21    God:    Cheibriados [*.....]
Gold:   236        SH:  0    Dex: 18    Spells: 4/17 levels left

rFire    . . .     SeeInvis .   c - +1 dagger
rCold    . . .     Gourm    .   (no shield)
rNeg     . . .     Faith    .   a - +0 robe
rPois    .         Spirit   .   b - +0 helmet
rElec    .         Reflect  .   (no cloak)
rCorr    .         Harm     .   i - +1 pair of gloves
MR       .....                  h - +2 pair of boots
Stlth    +++.......             (no amulet)
HPRegen  0.16/turn              (no ring)
MPRegen  0.14/turn              (no ring)

@: very slightly contaminated, very slow
A: distributed training, fangs 1, strong nose
a: Bend Time, Renounce Religion


You were on level 6 of the Dungeon.
You worshipped Cheibriados.
Cheibriados was aware of your devotion.
You were not hungry.

You visited 1 branch of the dungeon, and saw 6 of its levels.

You collected 236 gold pieces.

Inventory:

Hand Weapons
 c - a +1 dagger (weapon)
   (You found it on level 1 of the Dungeon)
Armour
 a - a +0 robe (worn)
 b - a +0 helmet (worn)
   (You found it on level 1 of the Dungeon)
 h - a +2 pair of boots (worn)
   (You found it on level 3 of the Dungeon)
 i - a +1 pair of gloves (worn)
   (You found it on level 1 of the Dungeon)
Wands
 d - a wand of iceblast (9)
   (You found it on level 4 of the Dungeon)
Scrolls
 g - 2 scrolls of teleportation {@r4}
 j - 2 scrolls of remove curse {@r2}
 m - a scroll of enchant weapon
Potions
 f - a potion of might
 k - 2 potions of lignification {!q}
 l - 2 potions of invisibility
 n - a potion of curing {unknown}
 p - a potion of cancellation
 q - a potion of resistance
Comestibles
 e - 9 rations {!d}


   Skills:
 + Level 2.2 Fighting
 + Level 2.2 Short Blades
 + Level 2.2 Long Blades
 + Level 2.2 Axes
 + Level 2.2 Maces & Flails
 + Level 2.2 Polearms
 + Level 2.2 Staves
 + Level 2.2 Slings
 + Level 2.2 Bows
 + Level 2.2 Crossbows
 + Level 2.2 Throwing
 + Level 2.2 Armour
 + Level 5.1 Dodging
 + Level 4.7 Stealth
 + Level 2.2 Shields
 + Level 2.2 Unarmed Combat
 + Level 5.5 Spellcasting
 + Level 1.8 Conjurations
 + Level 1.8 Hexes
 + Level 1.8 Charms
 + Level 7.3 Summonings
 + Level 1.8 Necromancy
 + Level 1.8 Translocations
 + Level 1.8 Transmutations
 + Level 1.8 Fire Magic
 + Level 1.8 Ice Magic
 + Level 1.8 Air Magic
 + Level 1.8 Earth Magic
 + Level 1.8 Poison Magic
 + Level 2.4 Invocations
 + Level 2.2 Evocations


You had 4 spell levels left.
You knew the following spells:

 Your Spells              Type           Power        Failure   Level  Hunger
a - Call Imp              Summ           #####...     1%          2    None
b - Summon Ice Beast      Ice/Summ       ####....     16%         4    ####...
d - Call Canine Familiar  Summ           #####...     1%          3    ##.....
x - Summon Lightning Spi  Summ/Air       ####....     16%         4    ####...

Your spell library contained the following spells:

 Spells                   Type           Power        Failure   Level  Hunger
 Summon Small Mammal      Summ           ####         1%          1    None
 Summon Guardian Golem    Hex/Summ       ####....     4%          3    ##.....


Dungeon Overview and Level Annotations

Branches:
Dungeon (6/15)             Temple (0/1) D:6

Altars:
Cheibriados
Gozag
Qazlal
Ru
Uskayaw
Vehumet
Zin

Annotations:
D:5 2 transporters, Tenar's ghost, novice BaIE


Innate Abilities, Weirdness & Mutations

Your experience applies equally to all skills.
You have very sharp teeth.
Your uncanny sense of smell can sniff out nearby items.


Message History

You slide downwards.
The hatch slams shut behind you.
Level annotation: 2 transporters, Tenar's ghost, novice BaIE
There is a stone staircase leading down here.
You climb downwards.
Found 18 gold pieces.
There is a stone staircase leading up here.
You now have 236 gold pieces (gained 18).
Found 25 stones.
Found a scroll of enchant weapon.
m - a scroll of enchant weapon
Found a pair of boots.
Okay, then.
Found a staircase to the Ecumenical Temple. 2 orcs, an orc warrior and an orc priest come into view.
The orc priest shouts!
The orc shouts!
A beastly little devil appears in a puff of flame.
The orc shouts!
The orc priest looks satisfied for a moment.
A beastly little devil appears in a puff of flame.
An orc comes into view. It is wielding a -1 short sword.
You miscast Summon Lightning Spire.
You are very lightly contaminated with residual magic.
Shadowy shapes form in the air around you, then vanish.
The orc hits your crimson imp with a +0 mace.
The orc warrior hits you but does no damage.
An electric hum fills the air.
Your crimson imp completely misses the orc.
The orc closely misses your crimson imp.
The orc hits your crimson imp with a cursed -1 short sword.
Your crimson imp closely misses the orc.
Your crimson imp blinks!
The orc warrior hits you from afar with a +0 halberd!
The orc barely misses your crimson imp.
Your crimson imp closely misses the orc.
The orc warrior hits you from afar with a +0 halberd!
The orc misses your crimson imp.
Your crimson imp hits the orc.
Your crimson imp blinks!
The orc hits your crimson imp with a +0 mace.
Your crimson imp blinks!
The orc warrior barely misses you.
The orc barely misses something.
The orc priest mumbles some strange prayers to Beogh against you.
Beogh smites you!
* * * LOW HITPOINT WARNING * * *
Okay, then.
The orc priest invokes the aid of Beogh against you.
Beogh smites you!
* * * LOW HITPOINT WARNING * * *
The orc warrior hits you from afar with a +0 halberd!
You die...

##.# #o5# #o##
#o# #.# ##.# ..
#o.# ..# ##.## ∆
..# ####.@# ..
#....## # ####.#
#.## #.# .... #.#
#.# #.# # #.#
###############.#
#...............#


You could see an orc warrior, an orc priest, 2 orcs and a friendly crimson imp.

Vanquished Creatures
  An ogre (D:5)
  A howler monkey (D:5)
  A hound (D:5)
  Natasha (D:3)
  An iguana (D:4)
  2 worker ants
  2 adders
  A shadow imp (D:5)
  A dart slug (D:2)
  3 leopard geckos
  An orc (D:3)
  7 bats
  2 giant cockroaches
  2 goblins
  5 hobgoblins
  3 jackals (D:2)
  2 ball pythons (D:1)
  5 frilled lizards
  4 kobolds
  A quokka skeleton (D:4)
  5 rats
51 creatures vanquished.

Vanquished Creatures (collateral kills)
  A sky beast (D:5)
  A centaur (D:5)
  A hound (D:4)
  An orc wizard (D:4)
  Jessica (D:3)
  Terence (D:3)
  Natasha (D:3)
  2 adders
  A worm (D:2)
  2 dart slugs (D:4)
  2 leopard geckos
  3 orcs (D:4)
  2 giant cockroaches
  2 goblins (D:2)
  3 jackals
  3 kobolds
  A ball python (D:2)
  A bat (D:1)
  A frilled lizard (D:1)
  A rat (D:1)
31 creatures vanquished.

Grand Total: 82 creatures vanquished

Notes
Turn   | Place    | Note
-------+----------+-------------------------------------------
     0 | D:1      | vurker the Gnoll Summoner began the quest for the Orb.
     0 | D:1      | Reached XP level 1. HP: 13/13 MP: 6/6
   413 | D:1      | Reached XP level 2. HP: 15/19 MP: 7/7
  1570 | D:2      | Learned a level 2 spell: Call Imp
  1674 | D:2      | Reached skill level 5 in Spellcasting
  1674 | D:2      | Reached XP level 3. HP: 19/25 MP: 7/9
  1758 | D:2      | Learned a level 3 spell: Call Canine Familiar
  2002 | D:2      | Reached skill level 1 in Invocations
  2297 | D:2      | Reached skill level 1 in Fighting
  2297 | D:2      | Reached skill level 1 in Short Blades
  2297 | D:2      | Reached skill level 1 in Long Blades
  2297 | D:2      | Reached skill level 1 in Axes
  2297 | D:2      | Reached skill level 1 in Maces & Flails
  2297 | D:2      | Reached skill level 1 in Polearms
  2297 | D:2      | Reached skill level 1 in Staves
  2297 | D:2      | Reached skill level 1 in Slings
  2297 | D:2      | Reached skill level 1 in Bows
  2297 | D:2      | Reached skill level 1 in Crossbows
  2297 | D:2      | Reached skill level 1 in Throwing
  2297 | D:2      | Reached skill level 1 in Armour
  2297 | D:2      | Reached skill level 1 in Shields
  2297 | D:2      | Reached skill level 1 in Unarmed Combat
  2297 | D:2      | Reached skill level 1 in Evocations
  2642 | D:2      | Reached XP level 4. HP: 32/32 MP: 11/11
  2832 | D:2      | Found a sacrificial altar of Ru.
  3127 | D:3      | Noticed Natasha
  3222 | D:3      | Learned a level 1 spell: Summon Small Mammal
  3227 | D:3      | Learned a level 4 spell: Summon Lightning Spire
  3371 | D:3      | Killed Natasha
  3505 | D:3      | Reached skill level 1 in Conjurations
  3505 | D:3      | Reached skill level 1 in Hexes
  3505 | D:3      | Reached skill level 1 in Charms
  3505 | D:3      | Reached skill level 1 in Necromancy
  3505 | D:3      | Reached skill level 1 in Translocations
  3505 | D:3      | Reached skill level 1 in Transmutations
  3505 | D:3      | Reached skill level 1 in Fire Magic
  3505 | D:3      | Reached skill level 1 in Ice Magic
  3505 | D:3      | Reached skill level 1 in Air Magic
  3505 | D:3      | Reached skill level 1 in Earth Magic
  3505 | D:3      | Reached skill level 1 in Poison Magic
  3522 | D:3      | Found a stormy altar of Qazlal.
  3664 | D:3      | Noticed Natasha
  3671 | D:3      | Killed Natasha
  3671 | D:3      | Reached XP level 5. HP: 37/37 MP: 9/12
  3708 | D:3      | Noticed Jessica
  3712 | D:3      | Killed Jessica
  3808 | D:3      | Found a hide-covered altar of Uskayaw.
  3813 | D:3      | Noticed a +0 dagger
  3814 | D:3      | Noticed a +0 dagger
  3816 | D:3      | Noticed Terence
  3831 | D:3      | Killed Terence
  3909 | D:3      | Found a radiant altar of Vehumet.
  4342 | D:4      | Found a snail-covered altar of Cheibriados.
  4345 | D:4      | Became a worshipper of Cheibriados the Contemplative
  4394 | D:4      | Learned a level 4 spell: Summon Ice Beast
  4425 | D:4      | Found a glowing silver altar of Zin.
  4623 | D:4      | Reached XP level 6. HP: 30/44 MP: 3/13
  5003 | D:5      | Entered Level 5 of the Dungeon
  5019 | D:5      | Noticed a sky beast
  5029 | D:5      | Killed a sky beast
  5029 | D:5      | Reached skill level 5 in Dodging
  5230 | D:5      | Found a transporter.
  5312 | D:5      | Reached * piety under Cheibriados
  5344 | D:5      | Reached XP level 7. HP: 50/50 MP: 7/15
  5507 | D:5      | Found an opulent altar of Gozag.
  5517 | D:5      | Found a transporter.
  5518 | D:5      | Noticed Tenar's ghost (novice BaIE)
  5529 | D:5      | Noticed a hornet
  5686 | D:6      | Found a staircase to the Ecumenical Temple.
  5700 | D:6      | Mangled by an orc warrior

Levels and vault maps discovered:
D:1:      minmay_arrival_three_doors, layout_basic,
          chequers_serial_rivers_micro_a
D:2:      layout_basic, nicolae_ru_the_path_less_chosen
D:3:      layout_basic, dancing_weapons_uskayaw, grunt_qazlal_sundering,
          vehumet_crystals, uniq_terence, uniq_jessica, uniq_natasha
D:4:      layout_cave_pools, kennysheep_mini, zin_academy, minmay_box_of_dots
D:5:      layout_cave_pools, first_ration, gammafunk_ghost_hive,
          grunt_gozag_statues
D:6:      layout_basic, grunt_temple_overflow_holy_war, kennysheep_mini_moat,
          minmay_temple_entry_butterflies, basic_altar, serial_shops,
          shop_statue

Skill      XL: |  1  2  3  4  5  6 |
---------------+-------------------+-----
Spellcasting   | 5 |  5.5
Invocations    | 1 2 |  2.4
Fighting       | 1 2 |  2.2
Short Blades   | 1 2 |  2.2
Long Blades    | 1 2 |  2.2
Axes           | 1 2 |  2.2
Maces & Flails | 1 2 |  2.2
Polearms       | 1 2 |  2.2
Staves         | 1 2 |  2.2
Slings         | 1 2 |  2.2
Bows           | 1 2 |  2.2
Crossbows      | 1 2 |  2.2
Throwing       | 1 2 |  2.2
Armour         | 1 2 |  2.2
Shields        | 1 2 |  2.2
Unarmed Combat | 1 2 |  2.2
Evocations     | 1 2 |  2.2
Conjurations   | 1 |  1.8
Hexes          | 1 |  1.8
Charms         | 1 |  1.8
Necromancy     | 1 |  1.8
Translocations | 1 |  1.8
Transmutations | 1 |  1.8
Fire Magic     | 1 |  1.8
Ice Magic      | 1 |  1.8
Air Magic      | 1 |  1.8
Earth Magic    | 1 |  1.8
Poison Magic   | 1 |  1.8
Dodging        | 5 |  5.1
Stealth        | |  4.7
Summonings     | |  7.3

Action                   |  1- 3 |  4- 6 |  7- 9 || total
-------------------------+-------+-------+-------++-------
Melee: Unarmed           |    69 |       |       ||    69
       Bite              |    12 |    13 |     2 ||    27
       Dagger            |    76 |   122 |    14 ||   212
 Cast: Summon Small Mamm |     4 |       |       ||     4
       Call Imp          |     7 |     9 |     2 ||    18
       Summon Lightning  |       |     5 |     1 ||     6
       Summon Ice Beast  |       |     1 |       ||     1
  Use: Scroll            |       |    15 |     3 ||    18
 Stab: Sleeping          |     8 |     7 |     1 ||    16
       Distracted        |       |     2 |       ||     2
  Eat: Chunk             |     5 |     3 |     1 ||     9
       Ration            |       |     2 |       ||     2
Armor: Robe              |    21 |    26 |     5 ||    52
Dodge: Dodged            |   131 |    95 |     8 ||   234

Table legend:
 A = Non-vault XP
 B = Vault XP
 C = Vault XP percentage of total XP
 D = Non-vault monster count
 E = Vault monster count
 F = Vault count percentage of total count
                 A         B        C        D         E       F
            +---------+---------+-------+---------+---------+-------
      Total |     590 |      87 |  12.9 |      78 |       4 |   4.9
            +---------+---------+-------+---------+---------+-------
        D:1 |      25 |       0 |   0.0 |      17 |       0 |   0.0
        D:2 |      65 |       0 |   0.0 |      23 |       0 |   0.0
        D:3 |      54 |      74 |  57.8 |      16 |       3 |  15.8
        D:4 |      99 |      13 |  11.6 |      10 |       1 |   9.1
        D:5 |     347 |       0 |   0.0 |      12 |       0 |   0.0
            +---------+---------+-------+---------+---------+-------
